Map: Bel'Shir Vestige LE (Void)

Players

Railgan - Winner!

  • Race: Zerg Zerg
  • League: Grandmaster
  • Spawn Location: 11:00

Raphtor

  • Race: Zerg Zerg
  • League: Master
  • Spawn Location: 5:00

VOD

Have the link to the VOD?

Description

Time

  • Played on: March 24, 2017, 5:12 p.m.
  • Length: 8:27
Show
View Real Time Build Order
Export as new Build Order

Railgan Zerg - Winner!

Build Orders: Pool First, Zergling Baneling 

Get SALT Encoding   

  12  0:17  Spawning Pool  
  11  0:22  Drone  
  11  0:27  Drone  
  13  0:30  Drone  
  14  0:40  Overlord  
  14  0:44  Extractor  
  13  0:56  Drone  
  14  1:05  Queen  
  14  1:06  Zergling x4  
  18  1:16  Zergling x2  
  19  1:26  Zergling x2  
  20  1:40  Zergling x2  
  21  1:47  Metabolic Boost  
  21  1:49  Zergling x2  
  22  1:58  Overlord  
  22  2:16  Baneling Nest  
  22  2:17  Zergling x8  
  25  2:27  Zergling x2  
  26  2:40  Overlord  
  26  2:58  Hatchery  
  26  3:03  Baneling x4  
  25  3:11  Drone  
  26  3:19  Drone  
  24  3:23  Drone  
  24  3:31  Drone x2  
  24  3:33  Drone  
  24  3:39  Drone  
  23  3:43  Drone  
  24  3:49  Baneling x2  
  24  3:50  Baneling  
  24  3:57  Queen  
  25  4:15  Zergling x4  
  26  4:20  Queen  
  26  4:21  Overlord  
  26  4:23  Zergling x2  
  29  4:26  Drone  
  30  4:33  Baneling x2  
  30  4:39  Spine Crawler  
  30  4:41  Drone  
  30  4:45  Drone  
  31  4:50  Drone  
  32  4:54  Zergling x2  
  32  4:56  Drone  
  32  4:59  Drone  
  35  5:03  Drone x2  
  35  5:05  Drone  
  35  5:06  Drone  
  38  5:13  Drone x2  
  40  5:16  Drone  
  40  5:17  Drone  
  40  5:19  Drone  
  43  5:23  Drone  
  44  5:30  Overlord  
  44  5:33  Zergling x2  
  44  5:35  Drone x2  
  46  5:40  Lair  
  46  5:48  Evolution Chamber  
  46  5:49  Roach Warren  
  44  5:55  Drone  
  44  5:57  Zergling x4  
  44  5:58  Drone  
  44  6:00  Baneling x2  
  44  6:02  Extractor  
  44  6:03  Extractor  
  44  6:04  Drone x2  
  46  6:07  Overlord  
  46  6:08  Drone x2  
  49  6:13  Zergling x6  
  52  6:19  Evolution Chamber  
  52  6:22  Drone x3  
  52  6:25  Zerg Missile Weapons Level 1  
  54  6:30  Overlord  
  54  6:42  Glial Reconstitution  
  54  6:45  Overseer  
  54  6:46  Roach  
  64  6:47  Roach x4  
  64  6:54  Overlord  
  64  6:56  Roach  
  64  6:57  Roach x2  
  70  7:08  Drone  
  71  7:18  Hatchery  
  71  7:21  Roach x6  
  78  7:24  Roach  
  80  7:31  Roach x2  
  84  7:40  Overlord  
  83  7:47  Overlord  
  83  7:50  Overlord  
  83  7:53  Overlord  
  83  7:56  Overlord  
  83  7:57  Overlord  
  83  7:59  Roach x4  
  91  8:06  Roach  
  91  8:08  Roach  
Show
View Real Time Build Order
Export as new Build Order

Raphtor Zerg 

Build Orders: Hatch First 

Get SALT Encoding   

  12  0:01  Drone  
  13  0:12  Overlord  
  13  0:17  Drone  
  14  0:31  Drone x2  
  14  0:35  Drone  
  17  0:53  Hatchery  
  17  0:56  Drone  
  17  0:57  Drone  
  18  1:10  Extractor  
  17  1:13  Spawning Pool  
  17  1:15  Drone  
  17  1:18  Drone  
  18  1:28  Drone  
  19  1:40  Overlord  
  19  1:59  Queen  
  19  2:01  Zergling x4  
  25  2:11  Spine Crawler  
  25  2:14  Zergling x4  
  26  2:24  Baneling Nest  
  23  2:34  Overlord  
  23  2:35  Queen  
  25  2:42  Zergling x4  
  26  2:58  Zergling x4  
  28  3:01  Evolution Chamber  
  27  3:08  Baneling  
  27  3:09  Baneling x2  
  25  3:20  Zergling x8  
  25  3:34  Zergling x2  
  23  3:39  Baneling x2  
  23  3:41  Drone  
  24  3:49  Queen  
  24  3:53  Metabolic Boost  
  20  4:25  Zergling x6  
  20  4:28  Hatchery  
  22  4:33  Drone x2  
  24  4:42  Drone  
  25  4:50  Baneling  
  25  4:51  Drone  
  26  4:58  Drone x3  
  29  5:04  Overlord  
  29  5:17  Zergling x4  
  31  5:21  Baneling  
  31  5:22  Baneling  
  31  5:32  Zergling x2  
  32  5:37  Overlord  
  32  5:38  Drone x2  
  34  5:43  Drone  
  34  5:44  Drone  
  36  5:51  Drone  
  36  5:56  Drone  
  36  6:06  Drone x2  
  38  6:11  Evolution Chamber  
  38  6:12  Drone x2  
  38  6:14  Roach Warren, Drone x2  
  38  6:15  Drone x3  
  43  6:20  Drone  
  44  6:29  Drone  
  45  6:34  Extractor, Overlord  
  44  6:40  Drone  
  44  6:41  Drone, Hatchery  
  44  6:45  Drone x3  
  48  6:51  Extractor  
  48  6:53  Zergling x4  
  49  7:02  Drone  
  49  7:03  Drone x3  
  53  7:09  Drone  
  53  7:10  Lair  
  53  7:13  Overlord  
  53  7:14  Unknown  
  54  7:16  Drone x2  
  54  7:17  Drone  
  56  7:25  Drone, Overlord  
  56  7:26  Drone x3  
  60  7:32  Extractor  
  58  7:43  Drone x2  
  58  7:44  Roach  
  58  7:45  Roach x2  
  58  7:50  Roach  
  66  7:56  Roach x2  
  69  8:01  Roach x3  
  69  8:05  Roach x2  
  81  8:07  Spine Crawler  
Tags
 
Add a new tag
Caveats
  • Supply blocks, unpowered buildings, or Contaminate may cause inaccurate times.
  • Supply counts are checked every 10 seconds.